 Dungeon Crawl Stone Soup version 0.21.1-1-g345015f (webtiles) character file.

123 Goblin1989 the Chopper (level 4, 0/35 HPs)
             Began as a Demonspawn Monk on Feb 9, 2018.
             Killed from afar by an orc wizard (8 damage)
             ... with a puff of flame
             ... on level 3 of the Dungeon on Feb 10, 2018.
             The game lasted 00:08:50 (2580 turns).

Goblin1989 the Chopper (Demonspawn Monk)            Turns: 2580, Time: 00:08:50

Health: 0/35       AC: 13    Str: 13    XL:     4   Next: 79%
Magic:  4/4        EV:  6    Int: 11    God:
Gold:   55         SH:  0    Dex: 15    Spells: 3/3 levels left

rFire    . . .     SeeInvis .   a - +0 hand axe
rCold    . . .     Gourm    .   (no shield)
rNeg     + . .     Faith    .   j - +0 storm dragon scales
rPois    .         Spirit   .   o - +1 hat
rElec    +         Reflect  .   (no cloak)
rCorr    .         Harm     .   (no gloves)
MR       .....                  r - +1 pair of boots {Fly}
Stlth    +.........             (no amulet)
HPRegen  0.11/turn              A - ring of positive energy
MPRegen  0.09/turn              (no ring)

@: flying
A: nightstalker 2
a: Stop Flying


You were on level 3 of the Dungeon.
You were not hungry.

You visited 1 branch of the dungeon, and saw 3 of its levels.

You collected 55 gold pieces.

Inventory:

Hand Weapons
 a - a +0 hand axe (weapon)
Armour
 j - +0 storm dragon scales (worn)
 o - a +1 hat (worn)
 r - a +1 pair of boots of flying (worn)
Jewellery
 A - a ring of positive energy (left hand)
Wands
 u - a wand of random effects (14)
Scrolls
 h - a scroll of remove curse {@r2}
 k - 2 scrolls of teleportation {unknown}
 p - 3 scrolls of noise {unknown}
 s - a scroll of identify {unknown}
 y - a scroll of enchant weapon {unknown}
 z - a scroll of magic mapping {unknown}
Potions
 i - 2 potions of curing {unknown}
 m - 3 potions of heal wounds {unknown}
 n - a potion of invisibility {unknown}
 q - a potion of flight {unknown}
 t - a potion of magic {unknown}
 v - a potion of might {unknown}
 w - a potion of berserk rage {unknown}
Comestibles
 e - a ration
 x - 3 chunks of flesh


   Skills:
 + Level 3.3 Fighting
 * Level 4.5 Axes
 + Level 1.0 Armour
 + Level 3.0 Dodging
 - Level 1.7 Stealth


You had 3 spell levels left.
You didn't know any spells.

Dungeon Overview and Level Annotations

Branches:
Dungeon (3/15)

Altars:
Ashenzari


Innate Abilities, Weirdness & Mutations

You are significantly more attuned to the shadows.


Message History

You butcher the goblin corpse.
x - 4 chunks of flesh (gained 1)
You see here a goblin skeleton. x2
Key pressed, stopping explore.
You see here a ring mail.
Eating one of 4 chunks of flesh.
You eat one of the 4 chunks of flesh.
This raw flesh tastes terrible.
An orc priest comes into view. It is wielding a short sword.
An orc comes into view. It is wielding a war axe.
The orc shouts!
You hear a shout!
An orc wizard comes into view. It is wielding a dagger.
The orc priest mumbles some strange prayers to Beogh against you.
You barely resist. You hit the orc priest.
The orc priest is lightly wounded.
The orc priest hits you but does no damage.
You hit the orc priest.
The orc priest is lightly wounded.
The orc priest hits you with a short sword.
You take 3 damage, and have 32/35 hp.
You closely miss the orc priest.
The orc priest is lightly wounded.
The orc priest hits you but does no damage.
You closely miss the orc priest.
The orc priest is lightly wounded.
The orc priest hits you but does no damage.
You closely miss the orc priest.
The orc priest is lightly wounded.
The orc priest hits you but does no damage.
You hit the orc priest.
The orc priest is moderately wounded.
The orc priest hits you but does no damage.
You hit the orc priest.
The orc priest is moderately wounded.
The orc priest miscasts a cantrip.
The orc wizard casts a spell.
The orc wizard flickers and vanishes!
Deactivating autopickup; reactivate with Ctrl-A.
You closely miss the orc priest.
The orc priest is moderately wounded.
The orc priest barely misses you.
You hit the orc priest.
The orc priest is heavily wounded.
The orc priest hits you but does no damage.
Your storm dragon scales prevents you from hitting the orc priest.
The orc priest is heavily wounded.
The orc priest hits you but does no damage.
You hit the orc.
The orc is moderately wounded.
The orc hits you but does no damage.
You hit the orc.
You kill the orc!
You closely miss the orc priest.
The orc priest is heavily wounded.
The orc priest hits you but does no damage.
Your storm dragon scales prevents you from hitting the orc priest.
The orc priest is heavily wounded.
The orc priest hits you but does no damage.
You closely miss the orc priest.
The orc priest is heavily wounded.
The orc priest hits you but does no damage.
An orc comes into view. It is wielding a morningstar.
The orc shouts!
You hit the orc priest.
The orc priest is severely wounded.
The orc priest hits you but does no damage.
You hit the orc priest.
The orc priest is almost dead.
The orc throws a tomahawk.
The tomahawk hits you but does no damage.
The orc priest mumbles some strange prayers to Beogh against you.
Beogh smites you!
You hit the orc priest.
You kill the orc priest!
Your Armour skill increases to level 1!
Your Dodging skill increases to level 3!
You closely miss the orc. The orc hits you but does no damage.
You take 12 damage, and have 22/35 hp.
MASSIVE DAMAGE!!
You hit something but do no damage. You closely miss the orc.
Something hits you but does no damage.
You hit something. You closely miss the orc.
The orc hits you but does no damage. Something hits you but does no damage.
You barely miss something. You hit the orc.
The orc hits you with a morningstar. Something hits you but does no damage.
You take 1 damage, and have 21/35 hp.
You miss something. You barely miss the orc.
The orc hits you with a morningstar. Something hits you.
You take 5 damage, and have 16/35 hp.
You hit something but do no damage. You hit the orc but do no damage.
Something hits you but does no damage. The orc hits you but does no damage.
You hit something.
Your storm dragon scales prevents you from hitting the orc.
Something hits you but does no damage. The orc hits you with a morningstar!
* * * LOW HITPOINT WARNING * * *
You take 8 damage, and have 8/35 hp.
MASSIVE DAMAGE!!
You closely miss something. You hit the orc.
You hear some strange, mumbled words.
A puff of flame appears from out of thin air!
The puff of flame hits you!
You die...

█..█ █..█ ██. █..█
... ███..█
...██████████....█
█.█............██
█...........█.██
..██████.███████...█
█...{@o..█


█████ ██████████ You could see an orc.

Vanquished Creatures
  An orc priest (D:3)
  An adder (D:2)
  An ooze (D:2)
  A worm (D:2)
  2 dart slugs
  6 leopard geckos
  An orc (D:3)
  A ball python (D:2)
  6 bats
  3 giant cockroaches
  9 hobgoblins
  17 kobolds
  A quokka (D:2)
  2 frilled lizards
  5 goblins
  7 rats
  A plant (D:1)
65 creatures vanquished.

Notes
Turn   | Place    | Note
-------+----------+-------------------------------------------
     0 | D:1      | Goblin1989 the Demonspawn Monk began the quest for the Orb.
     0 | D:1      | Reached XP level 1. HP: 18/18 MP: 1/1
   344 | D:1      | Reached skill level 3 in Axes
   399 | D:1      | Gained mutation: You are slightly more attuned to the shadows. [demonic ancestry]
   399 | D:1      | Reached XP level 2. HP: 24/24 MP: 2/2
   943 | D:1      | Reached XP level 3. HP: 29/29 MP: 3/3
  1148 | D:1      | Reached skill level 4 in Axes
  1823 | D:2      | Found a shattered altar of Ashenzari.
  1829 | D:2      | Gained mutation: You are significantly more attuned to the shadows. [demonic ancestry]
  1829 | D:2      | Reached XP level 4. HP: 35/35 MP: 4/4
  2573 | D:3      | Reached skill level 1 in Armour
  2580 | D:3      | Killed from afar by an orc wizard

Skill      XL: |  1  2  3  4 |
---------------+-------------+-----
Axes           | 3 4 |  4.5
Armour         | 1 |  1.0
Dodging        | 3 |  3.0
Fighting       | |  3.3
Stealth        | |  1.7

Action                   |  1- 3 |  4- 6 || total
-------------------------+-------+-------++-------
Melee: Hand axe          |   157 |    95 ||   252
  Use: Scroll            |     1 |       ||     1
 Stab: Sleeping          |     8 |       ||     8
  Eat: Chunk             |     3 |     3 ||     6
Armor: Leather armour    |    26 |       ||    26
       Storm dragon scal |    26 |    83 ||   109
Dodge: Dodged            |   100 |    30 ||   130

Vault maps used:
D:1:      dpeg_arrival_central, minmay_misc_feat_columns,
          lexackson_kobold_supper
D:2:      lemuel_round_altar
